AoeStats
← Steffels

Arabia

510269499Analyzed
1v1 RM · 11h ago on Sep 30, 2026· 28m 5s· 2 players
Game mode
Random Map
Map size
Tiny (2 player)
Population
200
Speed
Normal
Resources
Standard
Victory
Conquest
Starting age
Dark Age
Ending age
Imperial Age
RankedLock teamsTeams togetherTeam positionsShared explorationLock speedFull tech treeHidden civsTurbo modeCheats
Victory
Defeat
🇨🇳 Spanish · China
1071
+15
🇧🇪 Varangians · Belgium
1046
-15
Steffels
6:49 Loom
9:28 Feudal Age
11:06 Double-Bit Axe
11:03 Horse Collar
13:55 Bloodlines
21:13 Castle Age
19:13 Gold Mining
19:55 Fletching
20:09 Padded Archer Armor
21:19 Elite Skirmisher
21:55 Bodkin Arrow
TumenUluso
9:29 Loom
11:15 Feudal Age
15:53 Castle Age
15:00 Double-Bit Axe
14:58 Horse Collar
15:43 Padded Archer Armor
23:39 Leather Archer Armor
Connection lost

Rejoining the realm…

Still unreachable

The connection could not be restored.

Session expired

The server has moved on; the page needs a fresh start.